 Dungeon Crawl Stone Soup version 0.29.1-14-g9c671dbff4 (webtiles) character file.

Game seed: 8448797766591887442

209 protoss039 the Digger (level 5, -1/40 HPs)
             Began as a Demonspawn Earth Elementalist on Feb 19, 2023.
             Slain by an orc priest
             ... wielding a +0 hand axe
              (5 damage)
             ... on level 3 of the Dungeon.
             The game lasted 00:03:21 (2725 turns).

protoss039 the Digger (DsEE)                        Turns: 2725, Time: 00:03:22

Health: -1/40      AC:  4    Str:  8    XL:     5   Next: 55%
Magic:  1/10       EV: 12    Int: 18    God:
Gold:   159        SH:  0    Dex: 14    Spells: 5/11 levels left

rFire   + . .      SeeInvis .   j - +0 whip (flame)
rCold   + . .      Faith    .   (no shield)
rNeg    . . .      Spirit   .   a - +0 robe
rPois   .          Reflect  .   (no helmet)
rElec   .          Harm     .   k - scarf {rC+ rF+}
rCorr   .          Rampage  .   (no gloves)
Will    .....                   h - +0 pair of boots
Stlth   ++........              (no amulet)
HPRegen 0.13/turn               (no ring)
MPRegen 0.12/turn               (no ring)

@: no status effects
A: sharp scales 1, demonic touch 2
a: no special abilities


You were on level 3 of the Dungeon.
You visited 1 branch of the dungeon, and saw 3 of its levels.

You collected 159 gold pieces.

Inventory:

Hand Weapons
 j - a +0 whip of flaming (weapon)
Armour
 a - a +0 robe (worn)
 h - a +0 pair of boots (worn)
 k - a scarf of resistance (worn)
Wands
 l - a wand of polymorph (11)
Scrolls
 d - a scroll of identify
 e - a scroll of teleportation
 f - 2 scrolls of immolation
 g - a scroll of blinking {unknown}
Potions
 b - a potion of magic
 i - 3 potions of might
 m - a potion of flight {unknown}
 n - a potion of brilliance


   Skills:
 + Level 2.9 Fighting
 - Level 1.7 Dodging
 - Level 1.7 Stealth
 + Level 3.5 Spellcasting
 - Level 0.8 Transmutations
 + Level 4.0 Earth Magic


You had 5 spell levels left.
You knew the following spells:

 Your Spells              Type           Power      Damage    Failure   Level
a - Sandblast             Erth           34%        2d9       3%          1
b - Passwall              Tmut/Erth      9%         N/A       9%          2
c - Stone Arrow           Conj/Erth      20%        3d8       21%         3

Your spell library contained the following spells:

 Spells                   Type           Power      Damage    Failure   Level
 Ignite Poison            Fire/Tmut/Pois 4%         N/A       38%         3
 Conjure Flame            Conj/Fire      3%         6-21      43%         3
 Petrify                  Tmut/Erth      11%        N/A       50%         4
 Sticky Flame             Conj/Fire      3%         2d3       83%         4


Dungeon Overview and Level Annotations

Branches:
Dungeon (3/15) Zot: 15228

Altars:

Shops:
D:1 =


Innate Abilities, Weirdness & Mutations

You are partially covered in razor-sharp scales. (AC +1, Slay +1)
Your touch may inflict irresistible damage on your foes.


Message History

Unknown command.
Casting: Sandblast (safe; 3% risk of failure)
Confirm with . or Enter, or press ? or * to list all spells.
Aiming: Sandblast (safe; 3% risk of failure)
Press: ? - help, Shift-Dir - straight line, f/p - orc priest
Aim: an orc priest, wielding a +0 hand axe and wearing a +0 leather armour (82% to hit)
The blast of sand hits something.
Reactivating autopickup.
You feel a bit more experienced.
The orc priest mumbles some strange prayers to Beogh against you.
Beogh smites you!
* * * LOW HITPOINT WARNING * * *
The orc priest casts a cantrip, but nothing happens.
Your Earth Magic skill increases to level 4!
Casting: Sandblast (safe; 3% risk of failure)
Confirm with . or Enter, or press ? or * to list all spells.
Aiming: Sandblast (safe; 3% risk of failure)
Press: ? - help, Shift-Dir - straight line, f/p - orc priest
Aim: an orc priest, wielding a +0 hand axe and wearing a +0 leather armour (82% to hit)
The blast of sand hits the orc priest.
The orc priest is moderately wounded.
Unknown command.
Casting: Sandblast (safe; 3% risk of failure)
Confirm with . or Enter, or press ? or * to list all spells.
Aiming: Sandblast (safe; 3% risk of failure)
Press: ? - help, Shift-Dir - straight line, f/p - orc priest
Aim: an orc priest, wielding a +0 hand axe and wearing a +0 leather armour (moderately wounded, 82% to hit)
The blast of sand misses the orc priest.
The orc priest hits you but does no damage.
The orc priest hits you with a +0 hand axe.
* * * LOW HITPOINT WARNING * * *
Unknown command.
Casting: Sandblast (safe; 3% risk of failure)
Confirm with . or Enter, or press ? or * to list all spells.
You don't have enough magic to cast this spell.
Unknown command.
You closely miss the orc priest.
The orc priest is moderately wounded.
The orc priest hits you with a +0 hand axe.
You die...

## ##+#######
#.# #.# #.#...#
#.#...# #.#...#
#.#...# #.#...##
#@#....# #o##..#
#))...#
#.o.o...###.#
#.#.###.# #†# ..
..# #.# #)#
######.#
#..######...##.#
#....#.....##.#


You could see an orc priest.

Vanquished Creatures
  An orc priest (D:3)
  An orc wizard (D:3)
  Natasha (thrice) (D:2)
  A gnoll (D:1)
  A worm (D:2)
  2 dart slugs
  An orc (D:3)
  6 ball pythons
  8 endoplasms
  4 giant cockroaches
  4 goblins
  4 hobgoblins
  7 jackals
  A quokka (D:2)
  6 bats
  6 frilled lizards
  3 kobolds
  2 rats (D:2)
61 creatures vanquished.

Notes
Turn   | Place    | Note
-------+----------+-------------------------------------------
     0 | D:1      | protoss039 the Demonspawn Earth Elementalist began the
                  | quest for the Orb.
     0 | D:1      | Reached XP level 1. HP: 13/13 MP: 3/3
   261 | D:1      | Gained mutation: You are partially covered in razor-sharp
                  | scales. (AC +1, Slay +1) [demonic ancestry]
   261 | D:1      | Reached XP level 2. HP: 8/20 MP: 0/5
   435 | D:1      | Learned a level 2 spell: Passwall
   444 | D:1      | Reached skill level 1 in Fighting
   444 | D:1      | Reached skill level 3 in Earth Magic
   704 | D:1      | You fall into a shaft and drop 1 floor!
   751 | D:2      | Reached XP level 3. HP: 16/26 MP: 1/6
  1283 | D:2      | Noticed Natasha
  1287 | D:2      | Killed Natasha
  1451 | D:2      | Noticed Natasha
  1459 | D:2      | Killed Natasha
  1460 | D:2      | Gained mutation: Your touch may inflict minor irresistible
                  | damage on your foes. [demonic ancestry]
  1460 | D:2      | Reached XP level 4. HP: 33/33 MP: 5/8
  1488 | D:2      | Noticed Natasha
  1493 | D:2      | Killed Natasha
  1904 | D:1      | Gained mutation: Your touch may inflict irresistible damage
                  | on your foes. [demonic ancestry]
  1904 | D:1      | Reached XP level 5. HP: 39/39 MP: 7/9
  2064 | D:1      | Found a faded altar of an unknown god.
  2167 | D:1      | Found Tyireq's Jewellery Shoppe.
  2418 | D:1      | Learned a level 3 spell: Stone Arrow
  2723 | D:3      | Reached skill level 4 in Earth Magic
  2725 | D:3      | Slain by an orc priest

Illustrated notes

Levels and vault maps discovered:
D:1:      dpeg_arrival_pits, layout_loops_corners,
          shapermc_ecumenical_altar_hornbeckon, serial_shops, shop,
          minmay_strange_pillars
D:2:      layout_rooms, uniq_natasha
D:3:      layout_basic, mainiacjoe_overflow_concentric_impassable,
          ebering_ghost_sewer_f, minmay_misc_feat_room, kennysheep_small_spiral,
          hangedman_decor_push, grunt_ministairs_5, uniq_ijyb, uniq_sigmund

Skill      XL: |  1  2  3  4  5 |
---------------+----------------+-----
Fighting       | 1 2 |  2.9
Earth Magic    | 3 4 |  4.0
Spellcasting   | 3 |  3.5
Dodging        | |  1.7
Stealth        | |  1.7
Transmutations | |  0.8

Action                   |  1- 3 |  4- 6 || total
-------------------------+-------+-------++-------
Melee: Club              |    17 |       ||    17
       Unarmed           |     1 |       ||     1
       Whip              |       |    46 ||    46
       Touch             |       |     5 ||     5
 Cast: Sandblast         |    35 |    28 ||    63
  Use: Scroll            |       |     4 ||     4
 Stab: Sleeping          |       |     1 ||     1
Armor: Robe              |     6 |    18 ||    24
Dodge: Dodged            |    19 |    44 ||    63
